 Dungeon Crawl Stone Soup version bcrawl-1.36.4 (webtiles) character file.

Game seed: 6806485755348246649

134323 doomedcactus the Firebug (level 5, 0/40 HPs)
             Began as a Demigod Fire Elementalist on June 24, 2022.
             Slain by a hound (1 damage)
             ... on level 4 of the Dungeon.
             The game lasted 00:05:49 (2910 turns).

doomedcactus the Firebug (DgFE)                     Turns: 2910, Time: 00:05:50

Health: 0/40       AC:  3    Str: 16    XL:     5   Next: 26%
Magic:  5/11       EV: 13    Int: 21    God:    Demigod [*.....]
Gold:   140        SH:  0    Dex: 17    Spells: 3/8 levels left

rFire    . . .     SeeInvis .   r - +3 dagger
rCold    . . .     Gourm    .   (no shield)
rNeg     . . .     Faith    .   a - +0 robe
rPois    .         Spirit   .   y - +0 helmet
rElec    .         Reflect  .   (no cloak)
rCorr    .                      (no gloves)
MR       .....                  (no boots)
Stlth    ++........             (no amulet)
HPRegen  0.13/turn              (no ring)
MPRegen  0.12/turn              n - +4 ring of strength

@: no status effects
A: high mp 1
a: Temporal Distortion


You were on level 4 of the Dungeon.
You worshipped Demigod.
Demigod was aware of your devotion.
You were not hungry.

You visited 1 branch of the dungeon, and saw 4 of its levels.

You collected 140 gold pieces.

Inventory:

Hand Weapons
 r - a +3 dagger (weapon)
Missiles
 d - 762 stones (quivered)
Armour
 a - a +0 robe (worn)
 y - a +0 helmet (worn)
Jewellery
 n - a +4 ring of strength (right hand)
Wands
 c - a wand of flame (4)
 w - a wand of clouds (7)
Scrolls
 i - a scroll of noise {unknown}
 l - 2 scrolls of remove curse
 q - 2 scrolls of teleportation
 t - 2 scrolls of immolation
 v - 2 scrolls of enchant weapon
 x - a scroll of blinking {unknown}
Potions
 b - a potion of flight {unknown}
 f - a potion of haste {unknown}
 h - 2 potions of might {unknown}
 k - a potion of curing {unknown}
 m - a potion of magic {unknown}
 o - 2 potions of heal wounds {unknown}
 p - 2 potions of brilliance {unknown}
 s - a potion of mutation {unknown}
 u - a potion of resistance {unknown}
Comestibles
 e - 9 rations {!d}


   Skills:
 * Level 1.4 Fighting
 + Level 2.1 Dodging
 - Level 2.1 Stealth
 - Level 2.3 Spellcasting
 * Level 2.2 Conjurations
 * Level 4.0 Fire Magic


You had 3 spell levels left.
You knew the following spells:

 Your Spells              Type           Power        Failure   Level  Hunger
a - Flame Tongue          Conj/Fire      ###..        4%          1    None
b - Sticky Flame          Conj/Fire      ###.....     36%         4    ######.

Your spell library contained the following spells:

 Spells                   Type           Power        Failure   Level  Hunger
 Flaming Arrows           Chrm/Fire      ##......     10%         2    ##.....
 Conjure Flame            Conj/Fire      ###.....     12%         3    ####...
 Inner Flame              Hex/Fire       N/A          19%         3    ####...
 Fireball                 Conj/Fire      ###.......   73%         5    #######


Dungeon Overview and Level Annotations

Branches:
Dungeon (4/12)
 Temple: D:4-7


Innate Abilities, Weirdness & Mutations

You have an increased reservoir of magic. (+10% MP)


Message History

Confirm with . or Enter, or press ? or * to list all spells.
You don't have enough magic to cast that spell.
The crimson imp hits you. The hound misses you.
The crimson imp barely misses you. The hound barely misses you.
The hound completely misses you.
Found a stone staircase leading down.
You see here a scroll of enchant weapon.
v - 2 scrolls of enchant weapon (gained 1)
The hound bites you but does no damage. The crimson imp barely misses you.
The hound bites you but does no damage.
The crimson imp shouts, "Quit, thou feckless flat-headed puttock!"
The hound bites you.
* * * LOW HITPOINT WARNING * * *
Your magical contamination has completely faded away.
The crimson imp breathes fire at you. The flame tongue hits you!
* * * LOW HITPOINT WARNING * * *
The hound misses you. The hound bites you.
You die...
Your divinity fades.

.........
........##
.?.......##
#..........#
#..........#
#..........#
#........?.###...
#.......@..>.....
##.......h####...
#......5...#
#..........#
#!.........#
#.......o..#
#..........#
#.........##
#.#.......#


You could see a hound, a crimson imp and an orc.

Vanquished Creatures
  An orc priest (D:3)
  An orc wizard (D:4)
  An adder (D:3)
  An ooze (D:3)
  4 dart slugs
  A leopard gecko (D:1)
  11 orcs
  A ball python (D:2)
  3 giant cockroaches
  10 goblins
  11 hobgoblins
  4 jackals (D:3)
  4 quokkas
  4 bats
  A frilled lizard (D:3)
  5 kobolds
  5 rats
68 creatures vanquished.

Notes
Turn   | Place    | Note
-------+----------+-------------------------------------------
     0 | D:1      | doomedcactus the Demigod Fire Elementalist began the quest
                  | for the Orb.
     0 | D:1      | Reached XP level 1. HP: 14/14 MP: 5/5
     0 | D:1      | Found a shimmering blue altar of Sif Muna.
   248 | D:1      | Reached skill level 1 in Conjurations
   295 | D:1      | Reached XP level 2. HP: 20/20 MP: 1/7
   929 | D:1      | Reached skill level 3 in Fire Magic
  1307 | D:2      | Reached XP level 3. HP: 27/27 MP: 4/8
  2068 | D:3      | Reached * piety under Demigod
  2069 | D:3      | Reached XP level 4. HP: 27/34 MP: 2/10
  2078 | D:3      | Reached skill level 1 in Fighting
  2123 | D:3      | Learned a level 4 spell: Sticky Flame
  2784 | D:3      | Reached XP level 5. HP: 30/40 MP: 8/11
  2894 | D:4      | Reached skill level 4 in Fire Magic
  2909 | D:4      | HP: 1/40 [crimson imp/flame tongue (10)]
  2910 | D:4      | Slain by a hound

Skill      XL: |  1  2  3  4  5 |
---------------+----------------+-----
Spellcasting   | 2 |  2.3
Conjurations   | 1 2 |  2.2
Fire Magic     | 3 4 |  4.0
Dodging        | 2 |  2.1
Fighting       | 1 |  1.4
Stealth        | |  2.1

Action                   |  1- 3 |  4- 6 || total
-------------------------+-------+-------++-------
Melee: Hand axe          |    11 |       ||    11
       Unarmed           |     3 |       ||     3
       Dagger            |     5 |    18 ||    23
 Cast: Flame Tongue      |    82 |    45 ||   127
  Use: Scroll            |     4 |     2 ||     6
  Eat: Chunk             |     5 |     4 ||     9
Armor: Robe              |    11 |     7 ||    18
Dodge: Dodged            |    39 |    28 ||    67
